 Dungeon Crawl Stone Soup version 0.30-a0-965-g42e074c17a (webtiles) character file.

Game seed: 4777181510275755808

7307 Demosthentine the Fighter (level 10, -4/73 HPs)
             Began as a Demonspawn Gladiator on Mar 30, 2023.
             Was a Believer of Hepliaklqana.
             Slain by a killer bee (5 damage)
             ... on level 10 of the Dungeon.
             The game lasted 00:09:44 (8867 turns).

Demosthentine the Fighter (Demonspawn Gladiator)    Turns: 8867, Time: 00:09:45

Health: -4/73      AC:  9    Str: 16    XL:     10   Next: 90%
Magic:  13/13      EV: 16    Int:  9    God:    Hepliaklqana [**....]
Gold:   525        SH:  0    Dex: 18    Spells: 9/9 levels left

rFire   . . .      SeeInvis .    a - +1 trident
rCold   . . .      Faith    .    v - orb {light}
rNeg    . . .      Spirit   .    b - +0 leather armour
rPois   .          Reflect  .    c - +0 helmet
rElec   .          Rampage  .    (no cloak)
rCorr   .                        f - +1 pair of gloves
Will    .....                    (boots unavailable)
Stlth   +                        (no amulet)
HPRegen 0.32/turn                (no ring)
MPRegen 0.13/turn                (no ring)

@: glowing, studying Armour
A: reduced essence, hooves 3, molten scales 1, demonic guardian 2
a: Renounce Religion, Recall Ancestor, Ancestor Identity


You were on level 10 of the Dungeon.
You worshipped Hepliaklqana.
Hepliaklqana was pleased with you.
You visited 2 branches of the dungeon, and saw 11 of its levels.
You also visited: Ossuary.

You collected 525 gold pieces.

Inventory:

Hand Weapons
 a - a +1 trident (weapon)
Missiles
 e - a javelin (quivered)
 t - 5 silver javelins
Armour
 b - a +0 leather armour (worn)
 c - a +0 helmet (worn)
 f - a +1 pair of gloves (worn)
 v - an orb of light (worn)
Jewellery
 y - a ring of protection from fire
Wands
 m - a wand of flame (3)
 p - a wand of roots (11)
 w - a wand of quicksilver (5)
Scrolls
 j - 2 scrolls of enchant armour
 s - a scroll of teleportation
 z - a scroll of amnesia
 B - a scroll of fear
Potions
 g - 2 potions of lignification
 h - 2 potions of curing
 k - a potion of magic
 l - 2 potions of brilliance
 n - 5 potions of attraction
 o - a potion of invisibility
 q - 6 potions of degeneration {unknown}
 r - 3 potions of ambrosia
 u - 2 potions of flight
 x - a potion of mutation


   Skills:
 + Level 8.7 Fighting
 + Level 8.2 Polearms
 - Level 1.7 Throwing
 + Level 8.0 Armour
 + Level 8.2 Dodging
 - Level 4.0 Invocations


You had 9 spell levels left.
You didn't know any spells.
Your spell library contained the following spells:

 Spells                   Type           Power      Damage    Failure   Level
 Magic Dart               Conj           0%         1d3       43%         1
 Searing Ray              Conj           0%         2d4       58%         2
 Call Canine Familiar     Summ           0%         N/A       82%         3
 Dazzling Flash           Conj/Hex       0%         N/A       82%         3
 Ozocubu's Armour         Ice            0%         N/A       82%         3
 Portal Projectile        Hex/Tloc       0%         N/A       82%         3
 Fulminant Prism          Conj/Hex       0%         3d5       99%         4
 Leda's Liquefaction      Hex/Erth       0%         N/A       99%         4
 Agony                    Necr           0%         N/A       100%        5
 Silence                  Hex/Air        0%         N/A       100%        5
 Ozocubu's Refrigeration  Ice            0%         4d7       100%        7


Dungeon Overview and Level Annotations

Branches:
Dungeon (10/15)            Temple (1/1) D:4             Orc (0/2) D:9
Ossuary (visited)
   Lair: D:8-11

Altars:
Ashenzari
Cheibriados
Dithmenos
Fedhas
Gozag
Hepliaklqana
Kikubaaqudgha
Makhleb
Nemelex Xobeh
Okawaru
Qazlal
Ru
Sif Muna
Trog
Uskayaw
Vehumet
Wu Jian
Xom
Yredelemnul

Shops:
D:1 =   D:6 (   D:8 :

Annotations:
D:7 1 transporter


Innate Abilities, Weirdness & Mutations

Your life essence is reduced to manifest your ancestor. (-10% HP)
You have hooves in place of feet.
You are partially covered in molten scales. (AC +2)
A demonic guardian rushes to your aid.


Message History

The kobold demonologist closely misses your ice devil.
You see here a scroll of poison.
Unknown command.
You puncture the kobold demonologist! You kick the kobold demonologist.
The kobold demonologist is moderately wounded.
The killer bee barely misses your ice devil.
Your ice devil hits the kobold demonologist.
Your ice devil freezes the kobold demonologist!
The killer bee stings your ice devil.
The kobold demonologist gestures wildly while chanting.
Send 'em back where they came from!
Your ice devil disappears in a puff of smoke!
You hit the kobold demonologist.
You kick the kobold demonologist, but do no damage.
The kobold demonologist is almost dead.
The killer bee closely misses you.
The kobold demonologist hits you with a +0 dagger.
* * * LOW HITPOINT WARNING * * *
A demonic guardian appears!
The two-headed ogre closely misses your hellwing.
The two-headed ogre hits your hellwing with a +0 giant club!!
You hit the kobold demonologist.
You kill the kobold demonologist!
The killer bee misses you.
Unknown command.
The killer bee stings you!
* * * LOW HITPOINT WARNING * * *
Your hellwing hits the two-headed ogre. x2
The kobold brigand hits you with a +0 whip.
* * * LOW HITPOINT WARNING * * *
The killer bee closely misses you.
The two-headed ogre hits your hellwing with a +0 giant club!
The two-headed ogre hits your hellwing but does no damage.
Items here: )) = [.
You hit the kobold brigand. Your kick misses the kobold brigand.
The kobold brigand is lightly wounded.
The killer bee barely misses you.
Your hellwing hits the two-headed ogre.
Your hellwing barely misses the two-headed ogre.
The kobold brigand barely misses you. The killer bee stings you.
You die...

## ... .##... ....
......#. .....
........####......
.......##?@K#
.......#=y##..#
.......#4## ..#
#########....#O# .#
........####..#c# .#
..............#!?# #
..............##?$#
...............###..
..................###


You could see a two-headed ogre (ally target), a kobold brigand, a killer bee
and a friendly hellwing (summoned).

Vanquished Creatures
  A two-headed ogre (D:10)
  A tengu warrior (D:8)
  A gargoyle (D:10)
  A kobold demonologist (D:10)
  A hornet (D:10)
  3 steam dragons
  A vampire mosquito (D:8)
  3 water moccasins
  4 orc warriors
  2 black bears
  3 ogres
  A phantom (D:5)
  2 kobold brigands (D:8)
  A bullfrog (D:9)
  Blork the orc (D:4)
  A scorpion (D:6)
  5 killer bees (D:8)
  2 electric eels (D:9)
  4 howler monkeys
  4 centaur zombies (Ossuary)
  3 hounds
  2 gnoll boudas
  6 orc priests
  11 orc wizards
  4 iguanas
  A sleepcap (D:4)
  Natasha (thrice) (D:3)
  3 mummies (Ossuary)
  A hound zombie (Ossuary)
  4 gnolls (D:6)
  5 adders
  2 shadow imps (D:8)
  7 ufetubi
  4 adder zombies (Ossuary)
  A worm (D:3)
  3 dart slugs
  34 orcs
  4 bats
  3 endoplasms
  3 giant cockroaches
  2 gnoll zombies (Ossuary)
  5 goblins
  5 hobgoblins
  15 jackals
  16 kobolds
  2 quokkas
  6 ball pythons
  5 frilled lizards
  A goblin zombie (Ossuary)
  A hobgoblin zombie (Ossuary)
  5 jackal zombies (Ossuary)
  4 kobold zombies (Ossuary)
  An orc zombie (Ossuary)
  2 quokka zombies (Ossuary)
  11 rats
  2 rat zombies (Ossuary)
229 creatures vanquished.

Vanquished Creatures (collateral kills)
  A two-headed ogre (D:9)
  A yak (D:10)
  A wraith (D:10)
  A black bear (D:4)
  An orc warrior (D:9)
  2 centaurs (D:5)
  2 elf zombies (Ossuary)
  A bullfrog (D:8)
  A howler monkey (D:5)
  An orc priest (D:9)
  A sleepcap (D:5)
  An iguana (D:7)
  2 orc wizards
  A white imp (D:6)
  An adder zombie (Ossuary)
  A worm (D:3)
  5 orcs
  A hobgoblin zombie (Ossuary)
  A jackal zombie (Ossuary)
  2 kobolds (D:8)
  A kobold zombie (Ossuary)
  A quokka zombie (Ossuary)
  2 rat zombies (Ossuary)
32 creatures vanquished.

Vanquished Creatures (others)
  2 hexers
  2 ancestors
4 creatures vanquished.

Grand Total: 265 creatures vanquished

Notes
Turn   | Place    | Note
-------+----------+-------------------------------------------
     0 | D:1      | Demosthentine the Demonspawn Gladiator began the quest for
                  | the Orb.
     0 | D:1      | Reached XP level 1. HP: 16/16 MP: 1/1
   130 | D:1      | Found Himonof's Jewellery Shop.
   158 | D:1      | Gained mutation: You are partially covered in molten
                  | scales. (AC +2) [demonic ancestry]
   158 | D:1      | Reached XP level 2. HP: 22/22 MP: 2/2
   427 | D:1      | Reached skill level 1 in Armour
   746 | D:2      | Reached XP level 3. HP: 28/28 MP: 3/3
  1048 | D:2      | Gained mutation: A weak demonic guardian rushes to your
                  | aid. [demonic ancestry]
  1048 | D:2      | Reached XP level 4. HP: 34/34 MP: 4/4
  1723 | D:3      | Gained mutation: You have large cloven feet. [demonic
                  | ancestry]
  1723 | D:3      | Reached XP level 5. HP: 21/41 MP: 5/5
  2108 | D:3      | Found a broken altar of Ashenzari.
  2601 | D:4      | Reached XP level 6. HP: 46/47 MP: 6/6
  2620 | D:4      | Noticed Natasha
  2672 | D:3      | Killed Natasha
  2678 | D:3      | Noticed Natasha
  2685 | D:3      | Killed Natasha
  2838 | D:3      | Noticed Natasha
  2848 | D:3      | Killed Natasha
  3159 | D:4      | Noticed Blork the orc
  3166 | D:4      | Killed Blork the orc
  3167 | D:4      | Gained mutation: A demonic guardian rushes to your aid.
                  | [demonic ancestry]
  3167 | D:4      | Reached XP level 7. HP: 46/54 MP: 7/7
  3452 | D:4      | Found a staircase to the Ecumenical Temple.
  3768 | Temple   | Entered the Ecumenical Temple
  3963 | Temple   | Became a worshipper of Hepliaklqana the Forgotten
  3991 | D:5      | Entered Level 5 of the Dungeon
  4541 | D:5      | Reached skill level 5 in Fighting
  4541 | D:5      | Reached skill level 5 in Polearms
  4541 | D:5      | Reached skill level 5 in Dodging
  4541 | D:5      | Reached XP level 8. HP: 58/62 MP: 8/8
  4557 | D:5      | Found a shimmering altar of Xom.
  4562 | D:5      | Found an ancient bone altar of Kikubaaqudgha.
  4566 | D:5      | Found a burning altar of Makhleb.
  5190 | D:6      | Found Eclof's Weapon Shop.
  5290 | D:6      | Reached * piety under Hepliaklqana
  5528 | D:7      | Reached skill level 5 in Armour
  5651 | D:7      | Gained mutation: You have hoof-like feet. [demonic
                  | ancestry]
  5651 | D:7      | Reached XP level 9. HP: 54/62 MP: 9/9
  5733 | D:7      | Found a sand-covered staircase.
  5739 | Ossuary  | Entered an ossuary
  6209 | D:7      | Found a sparkling altar of Nemelex Xobeh.
  6209 | D:7      | Found a transporter.
  6209 | D:7      | Noticed a manticore
  6664 | D:8      | Reached skill level 1 in Invocations
  7057 | D:8      | Noticed a tengu warrior
  7076 | D:8      | Killed a tengu warrior
  7077 | D:8      | Gained mutation: You have hooves in place of feet. [demonic
                  | ancestry]
  7077 | D:8      | Reached XP level 10. HP: 35/71 MP: 12/12
  7266 | D:8      | Found Agowoir's Book Shoppe.
  7270 | D:8      | Reached ** piety under Hepliaklqana
  7271 | D:8      | Remembered your ancestor Illuratum as a hexer
  7806 | D:9      | Noticed a two-headed ogre
  7815 | D:9      | Killed a two-headed ogre
  8292 | D:9      | Found a staircase to the Orcish Mines.
  8808 | D:10     | Entered Level 10 of the Dungeon
  8823 | D:10     | Noticed a two-headed ogre
  8833 | D:10     | Noticed a gargoyle
  8838 | D:10     | Paralysed by a hornet for 1 turns
  8846 | D:10     | Noticed a two-headed ogre
  8850 | D:10     | Killed a two-headed ogre
  8859 | D:10     | Killed a gargoyle
  8866 | D:10     | HP: 1/73 [kobold brigand/+0 whip (6)]
  8867 | D:10     | Slain by a killer bee

Illustrated notes

Levels and vault maps discovered:
D:1:      dpeg_arrival_concentric_ovals, layout_rooms, serial_shops, shop,
          hex_tiny, reono_crystal_passage, grunt_decor_fettered
D:2:      layout_basic, grunt_ministairs_9, minmay_split_cup_large
D:3:      layout_loops_cross, ashenzari_altar_1
D:4:      layout_rooms, minmay_temple_entry_glassed_door, dk_noncrumbling_4,
          serial_park_tiny_1, kennysheep_generic_room_15, uniq_blork_the_orc,
          uniq_natasha
D:5:      layout_basic, grunt_temple_overflow_diamond
D:6:      layout_rooms, serial_shops, nicolae_shop_window_shopping
D:7:      layout_loops_ring, grunt_nemelex_the_gamble, serial_demonic,
          serial_demonic_c, serial_demonic_c, serial_demonic_d,
          serial_demonic_e, nicolae_ossuary_entry_plus
D:8:      layout_basic, serial_shops, shop_coins, minmay_manual_mess
D:9:      layout_long_grid, erik_orc_2, nrook_loot_triangle, hive_lemuel
D:10:     layout_gridville, special_room [special_room_orc],
          minmay_alternating_orb
Temple:   bh_familiar_temple

Skill      XL: |  1  2  3  4  5  6  7  8  9 10 |
---------------+-------------------------------+-----
Polearms       | 3 4 5 6 7 8 |  8.2
Dodging        | 3 4 5 6 7 8 |  8.2
Armour         | 1 2 3 4 5 8 |  8.0
Fighting       | 3 4 5 6 7 8 |  8.7
Invocations    | 3 4 |  4.0
Throwing       | |  1.7

Action                     |  1- 3 |  4- 6 |  7- 9 | 10-12 || total
---------------------------+-------+-------+-------+-------++-------
  Melee: Trident           |    94 |   193 |   392 |   142 ||   821
         Punch             |       |     2 |     6 |       ||     8
         Kick              |       |    29 |   113 |    43 ||   185
  Throw: Throwing net      |       |       |     2 |     2 ||     4
 Invoke: Recall Ancestor   |       |       |       |     1 ||     1
         Ancestor Life: He |       |       |       |     1 ||     1
    Use: Scroll            |     2 |     8 |     9 |     5 ||    24
         Potion            |       |       |     1 |     3 ||     4
   Stab: Sleeping          |       |     1 |     3 |       ||     4
         Distracted        |       |       |     3 |     1 ||     4
         Held in net/web   |       |       |     3 |     1 ||     4
         Confused          |       |       |       |     1 ||     1
 Armour: Leather armour    |    27 |    61 |   104 |    20 ||   212
  Dodge: Dodged            |    41 |   114 |   212 |    60 ||   427

Table legend: (Time is in decaauts)
 A = Elapsed time spent in this place.
 B = Non-inter-level travel time spent in this place.
 C = Inter-level travel time spent in this place.
 D = Time resting spent in this place.
 E = Time spent auto-exploring this place.
 F = Levels seen in this place.
 G = Mean time per level.
                   A        B        C        D        E       F      G
               +--------+--------+--------+--------+--------+-----+--------+
         Total |   8899 |   8564 |    335 |    701 |   6056 |  12 |  741.6 |
       Dungeon |   8417 |   8083 |    334 |    701 |   5785 |  10 |  841.7 |
        Temple |    208 |    208 |      0 |      0 |    160 |   1 |  208.0 |
       Ossuary |    273 |    273 |      0 |      0 |    111 |   1 |  273.0 |
               +--------+--------+--------+--------+--------+-----+--------+

Top non-repeatable levels by time:
     D:3: 1361 daAuts
     D:8: 1154 daAuts
     D:9: 1112 daAuts
     D:5: 1013 daAuts
     D:2: 887 daAuts
     D:4: 826 daAuts
     D:7: 756 daAuts
     D:1: 748 daAuts
     D:6: 500 daAuts
 Ossuary: 273 daAuts
  Temple: 208 daAuts
    D:10: 56 daAuts
